 Dungeon Crawl Stone Soup version 0.20-a0-871-g785f14b (webtiles) character file.

762 Foodle the Spear-Bearer (level 7, -2/57 HPs)
             Began as a Minotaur Fighter on Mar 14, 2017.
             Was an Initiate of the Shining One.
             Shot with an arrow by a centaur (3 damage)
             ... on level 5 of the Dungeon.
             The game lasted 00:23:07 (4416 turns).

Foodle the Spear-Bearer (Minotaur Fighter)          Turns: 4416, Time: 00:23:08

Health: -2/57      AC: 12    Str: 20    XL:     7   Next: 51%
Magic:  6/6        EV:  7    Int:  5    God:    the Shining One [......]
Gold:   224        SH:  9    Dex: 12    Spells: 6/6 levels left

rFire    . . .     SeeInvis .   a - +0 trident
rCold    + . .     Gourm    .   b - +0 scale mail
rNeg     . . .     Faith    .   c - +0 shield
rPois    .         Spirit   .   (helmet restricted)
rElec    .         Reflect  .   l - scarf {rC+}
rCorr    .         Harm     .   x - +2 pair of gloves
MR       .....                  (no boots)
Stlth    ..........             (no amulet)
Regen    0.2/turn               k - ring of flight
MPRegen  0.1/turn               (no ring)

@: glowing
A: retaliatory headbutt, horns 2, icy blue scales 1, blink, screaming 1
a: Blink, Renounce Religion, Evoke Flight


You were on level 5 of the Dungeon.
You worshipped the Shining One.
The Shining One was noncommittal.
You were not hungry.

You visited 1 branch of the dungeon, and saw 5 of its levels.

You collected 224 gold pieces.

Inventory:

Hand Weapons
 a - a +0 trident (weapon)
Armour
 b - a +0 scale mail (worn)
 c - a +0 shield (worn)
 l - a scarf of cold resistance (worn)
 x - a +2 pair of gloves (worn)
Jewellery
 k - a ring of flight (right hand)
Scrolls
 g - a scroll of amnesia {unknown}
 o - 2 scrolls of teleportation {unknown}
 q - a scroll of fog {unknown}
 s - 4 scrolls of remove curse
 t - 2 scrolls of magic mapping
 u - a scroll of enchant armour {unknown}
 v - 3 scrolls of identify
 w - a scroll of fear {unknown}
Potions
 d - 4 potions of might
 e - a potion of heal wounds {unknown}
 i - 2 potions of curing {unknown}
 m - 2 potions of lignification
 n - 2 potions of brilliance
 p - a potion of haste
Comestibles
 f - 6 bread rations
 h - 2 meat rations
 j - a royal jelly
 r - 7 fruits


   Skills:
 - Level 3.6 Fighting
 + Level 10.2 Polearms
 - Level 3.6 Armour
 - Level 3.6 Shields


You had 6 spell levels left.
You didn't know any spells.

Dungeon Overview and Level Annotations

Branches:
Dungeon (5/15)
 Temple: D:4-7

Altars:
Ashenzari
Cheibriados
Dithmenos
Gozag
Hepliaklqana
Okawaru
Ru
Trog
Vehumet
Yredelemnul
Zin
The Shining One


Innate Abilities, Weirdness & Mutations

You reflexively headbutt those who attack you in melee.
You have a pair of horns on your head.
You are partially covered in icy blue scales. (AC +2)
You can translocate small distances at will.
You occasionally shout uncontrollably at your foes.


Message History

You resist with some effort.
The orc moves out of view.
You hit the orc wizard.
You kill the orc wizard!
The orc warrior throws a tomahawk.
The tomahawk hits you!
An orc comes into view.
The orc shouts!
The orc warrior hits you with a scimitar!
Things that are here:
a dagger; a robe The orc warrior throws a tomahawk.
The tomahawk barely misses you.
The centaur shoots an arrow.
The arrow hits you.
* * * LOW HITPOINT WARNING * * *
The orc warrior throws a tomahawk.
The tomahawk closely misses you.
You see here an arrow.
The centaur shoots an arrow.
You block the arrow.
The centaur shoots an arrow.
You block the arrow.
The orc warrior throws a tomahawk.
The tomahawk hits you!
* * * LOW HITPOINT WARNING * * *
The centaur shoots an arrow.
The arrow hits you.
You die...

# ######### #
#################.......# #
#..............##.......# #
#..............##.......# #
#..............##.......###### #
#....#....#######............. #
##...#........................ #
#...#>............)...(......
#####...........@..(oo#####.o....
....................o(#####......
..............#(.....c(...o......
............#.#(.................
............#....................
.................................
...........###...................
...........# ##..................
...........####..................


You could see an orc warrior, a centaur and 2 orcs.

Vanquished Creatures
  The ghost of thesun the Chopper, an amateur HOFi of Beogh (D:4)
  Grinder (D:4)
  An ogre (D:4)
  A hound (D:5)
  An iguana (D:4)
  2 orc wizards (D:5)
  A worker ant (D:5)
  5 adders
  A shadow imp (D:5)
  3 oozes
  3 worms
  3 dart slugs
  3 leopard geckos
  An orc (D:3)
  A ball python (D:4)
  6 bats
  4 giant cockroaches (D:2)
  5 hobgoblins
  3 jackals (D:3)
  3 kobolds
  2 frilled lizards (D:3)
  7 goblins
  5 rats
63 creatures vanquished.

Notes
Turn   | Place    | Note
-------+----------+-------------------------------------------
     0 | D:1      | Foodle the Minotaur Fighter began the quest for the Orb.
     0 | D:1      | Reached XP level 1. HP: 19/19 MP: 0/0
   202 | D:1      | Reached skill level 3 in Polearms
   381 | D:1      | Reached XP level 2. HP: 26/26 MP: 1/1
   938 | D:2      | Reached skill level 4 in Polearms
  1021 | D:2      | Reached XP level 3. HP: 31/31 MP: 2/2
  1128 | D:2      | Found a glowing golden altar of the Shining One.
  1129 | D:2      | Found a shattered altar of Ashenzari.
  1136 | D:2      | Became a worshipper of the Shining One
  1284 | D:2      | Reached skill level 5 in Polearms
  1703 | D:3      | Reached XP level 4. HP: 14/39 MP: 3/3
  2512 | D:3      | Reached skill level 6 in Polearms
  2856 | D:4      | Noticed thesun's ghost (amateur HOFi)
  2865 | D:4      | Killed thesun's ghost
  2865 | D:4      | Reached skill level 8 in Polearms
  2865 | D:4      | Reached XP level 5. HP: 12/45 MP: 4/4
  2865 | D:4      | Reached XP level 6. HP: 13/51 MP: 5/5
  2869 | D:4      | Gained mutation: You occasionally shout uncontrollably at your foes. [potion of mutation]
  2869 | D:4      | Gained mutation: You can translocate small distances at will. [potion of mutation]
  2869 | D:4      | Gained mutation: You are partially covered in icy blue scales. (AC +2) [potion of mutation]
  3189 | D:4      | Noticed Grinder
  3225 | D:4      | Paralysed by Grinder for 4 turns
  3231 | D:4      | Killed Grinder
  3231 | D:4      | Reached skill level 9 in Polearms
  3231 | D:4      | Reached XP level 7. HP: 9/57 MP: 6/6
  3973 | D:5      | Entered Level 5 of the Dungeon
  3983 | D:5      | Found a shadowy altar of Dithmenos.
  4177 | D:5      | Found a radiant altar of Vehumet.
  4178 | D:5      | Found a glowing silver altar of Zin.
  4186 | D:5      | Found a hazy altar of Hepliaklqana.
  4278 | D:5      | Reached skill level 10 in Polearms
  4352 | D:5      | Found a bloodstained altar of Trog.
  4353 | D:5      | Found an iron altar of Okawaru.
  4355 | D:5      | Found a sacrificial altar of Ru.
  4358 | D:5      | Found a snail-covered altar of Cheibriados.
  4358 | D:5      | Found a basalt altar of Yredelemnul.
  4359 | D:5      | Found an opulent altar of Gozag.
  4416 | D:5      | HP: 1/57 [orc warrior/tomahawk (15)]
  4416 | D:5      | Shot with an arrow by a centaur

Vault maps used:
D:1:      elethiomel_arrival_infinity_welcomes_careful_drivers,
          minmay_tetromino_l2
D:2:      gammafunk_temple_overflow_statue
D:4:      uniq_grinder
D:5:      grunt_temple_overflow_open, lemuel_round_altar, first_bread,
          lemuel_tele_altar, uniq_menkaure

Skill      XL: |  1  2  3  4  5  6  7 |
---------------+----------------------+-----
Polearms       | 3 4 5 8 9 10 | 10.2
Fighting       | |  3.6
Armour         | |  3.6
Shields        | |  3.6

Action                   |  1- 3 |  4- 6 |  7- 9 || total
-------------------------+-------+-------+-------++-------
Melee: Trident           |   100 |    89 |    27 ||   216
       Headbutt          |    11 |    15 |     3 ||    29
  Use: Scroll            |     5 |     3 |     1 ||     9
       Potion            |       |     2 |       ||     2
  Eat: Chunk             |     2 |     1 |       ||     3
       Bread ration      |       |     2 |       ||     2
       Fruit             |       |     1 |       ||     1
Armor: Scale mail        |    22 |    11 |     5 ||    38
Dodge: Dodged            |    19 |    13 |     7 ||    39
Block: Shield            |    27 |    24 |     6 ||    57
